 Dungeon Crawl Stone Soup version 0.30-a0-585-g93115170b9 (webtiles) character file.

Game seed: 3579096557892561104

2114 wormed the Carver (level 9, -1/55 HPs)
             Began as a Tengu Berserker on Jan 2, 2023.
             Was a Priest of Trog.
             Succumbed to a killer bee's poison
             ... on level 6 of the Dungeon.
             The game lasted 00:07:25 (4907 turns).

wormed the Carver (Tengu Berserker)                 Turns: 4907, Time: 00:07:25

Health: -1/55      AC:  5    Str: 17    XL:     9   Next: 29%
Magic:  10/10      EV: 17    Int:  8    God:    Trog [***...]
Gold:   150        SH:  6    Dex: 18    Spells: 8/8 levels left

rFire   . . .      SeeInvis .    a - +1 falchion (freeze)
rCold   . . .      Faith    .    i - +1 buckler
rNeg    . . .      Spirit   .    j - +0 leather armour
rPois   .          Reflect  .    (helmet restricted)
rElec   .          Harm     .    (no cloak)
rCorr   +          Rampage  .    n - +0 pair of gloves
Will    .....                    (boots unavailable)
Stlth   +                        c - amulet of magic regeneration
HPRegen 0.29/turn                l - ring of resist corrosion
MPRegen 0.52/turn                (no ring)

@: lethally poisoned (-1 -> -14), on berserk cooldown, flying quickly and
evasively, slowed, very slow
A: beak, talons 3, nimble flight
a: Renounce Religion, Berserk, Trog's Hand


You were on level 6 of the Dungeon.
You worshipped Trog.
Trog was most pleased with you.
You visited 1 branch of the dungeon, and saw 6 of its levels.
You also visited: Ossuary.

You collected 295 gold pieces.
You spent 145 gold pieces at shops.

Inventory:

Hand Weapons
 a - a +1 falchion of freezing (weapon)
Missiles
 t - 4 throwing nets (quivered)
Armour
 i - a +1 buckler (worn)
 j - a +0 leather armour (worn)
 n - a +0 pair of gloves (worn)
Jewellery
 c - an amulet of magic regeneration (around neck)
 h - a ring of fire
 l - a ring of resist corrosion (left hand)
 q - a +4 ring of protection
Scrolls
 b - a scroll of enchant weapon
 d - 3 scrolls of summoning
 z - a scroll of fear
Potions
 e - 4 potions of attraction
 f - 4 potions of haste
 g - a potion of flight
 k - 3 potions of magic
 m - 4 potions of brilliance
 o - 4 potions of heal wounds
 p - a potion of lignification
 r - a potion of invisibility {unknown}
 s - a potion of ambrosia
 u - a potion of degeneration {unknown}
 v - a potion of curing
 w - a potion of mutation {unknown}
 x - a potion of resistance {unknown}
 B - a potion of might {unknown}


   Skills:
 + Level 5.7 Fighting
 * Level 8.4 Long Blades
 + Level 5.8 Armour
 + Level 5.7 Dodging
 + Level 4.2 Shields


You had 8 spell levels left.
You didn't know any spells.
Your spell library was empty.

Dungeon Overview and Level Annotations

Branches:
Dungeon (6/15)            Ossuary (visited)
 Temple: D:4-7

Altars:

Shops:
D:3 [   D:4 *   D:5 !


Innate Abilities, Weirdness & Mutations

You have a beak for a mouth.
You have claws for feet.
Your magical nature lets you fly swiftly and evasively.


Message History

You miss the killer bee. Your kick misses the killer bee.
Your peck misses the killer bee.
* * * LOW HITPOINT WARNING * * *
You feel very sick. The killer bee barely misses you. x2
The killer bee stings you but does no damage.
You are too berserk!
Okay, then.
You miss the killer bee. Your kick misses the killer bee.
Your peck misses the killer bee.
* * * LOW HITPOINT WARNING * * *
You feel very sick. The killer bee closely misses you.
The killer bee completely misses you. You block the killer bee's attack.
You slice the killer bee!! You freeze the killer bee.
You kill the killer bee!
Trog accepts your kill.
* * * LOW HITPOINT WARNING * * *
You feel very sick. The killer bee barely misses you.
The killer bee stings you but does no damage.
The killer bee barely misses you. The killer bee misses you.
You barely miss the killer bee. Your kick misses the killer bee.
You peck the killer bee!
The killer bee is severely wounded.
* * * LOW HITPOINT WARNING * * *
You feel sick.
The killer bee stings you but does no damage.
The killer bee closely misses you.
You barely miss the killer bee. Your kick misses the killer bee.
You peck the killer bee, but do no damage.
The killer bee is severely wounded.
You are no longer berserk.
You are exhausted.
You feel yourself slow down.
* * * LOW HITPOINT WARNING * * *
You feel sick. The killer bee closely misses you. x2
You closely miss the killer bee. Your kick misses the killer bee.
The killer bee is severely wounded.
You die...

#.~~≈≈≈.~≈≈ .##
###.~~≈≈~.~≈≈ #.
. .........~~~ #.
#..~~~~.....
#.##..~≈≈~.l~~~
#.....~≈≈~.~≈≈≈
#...~≈≈~.~≈≈≈
#...y†y~.~~≈~
###..@.......
##...###.##
##########......#
#............####
#.##.######..#
#.##.# #..#
#....######..#
#........##..#
########
#....###.##..#
#......#


You could see an iguana and 2 killer bees.

Vanquished Creatures
  An orc warrior (D:6)
  3 ogres
  A bullfrog (D:6)
  2 scorpions
  2 water moccasin zombies (Ossuary)
  10 wights
  4 killer bees (D:6)
  2 hounds (D:5)
  An orc priest (D:3)
  2 jellies
  A gnoll bouda (D:6)
  4 iguanas (D:5)
  4 orc wizards
  2 mummies (Ossuary)
  15 gnolls
  6 adders
  A white imp (D:6)
  An ufetubus (D:5)
  7 adder zombies (Ossuary)
  4 worms
  2 dart slugs
  21 orcs
  5 ball pythons
  2 endoplasms
  2 giant cockroaches (D:4)
  7 goblins
  6 hobgoblins
  2 jackals (D:1)
  5 quokkas
  3 bats
  A frilled lizard (D:3)
  5 gnoll zombies (Ossuary)
  2 goblin zombies (D:6)
  7 hobgoblin zombies (Ossuary)
  3 kobolds
  5 kobold zombies (Ossuary)
  3 orc zombies (Ossuary)
  5 rats
159 creatures vanquished.

Notes
Turn   | Place    | Note
-------+----------+-------------------------------------------
     0 | D:1      | wormed the Tengu Berserker began the quest for the Orb.
     0 | D:1      | Reached XP level 1. HP: 14/14 MP: 2/2
   150 | D:1      | Reached XP level 2. HP: 16/19 MP: 3/3
   706 | D:2      | Reached XP level 3. HP: 15/23 MP: 4/4
   726 | D:2      | Reached skill level 4 in Long Blades
  1068 | D:2      | Reached XP level 4. HP: 15/28 MP: 5/5
  1712 | D:3      | Reached ** piety under Trog
  1739 | D:3      | Found Yxepp's Armour Emporium.
  1840 | D:3      | Bought a +0 buckler for 49 gold pieces
  1898 | D:3      | Gained mutation: Your magical nature lets you fly swiftly
                  | and evasively. [Tengu growth]
  1898 | D:3      | Reached XP level 5. HP: 32/32 MP: 6/6
  2159 | D:3      | Found a faded altar of an unknown god.
  2326 | D:3      | Reached skill level 1 in Shields
  2675 | D:4      | Reached skill level 5 in Long Blades
  2675 | D:4      | Reached XP level 6. HP: 38/38 MP: 7/7
  2682 | D:4      | Reached XP level 7. HP: 30/43 MP: 8/8
  2861 | D:4      | Found Ogoghepn's CLEARANCE SALE!.
  3057 | D:4      | Reached skill level 6 in Long Blades
  3223 | D:5      | Entered Level 5 of the Dungeon
  3597 | D:5      | Reached XP level 8. HP: 43/48 MP: 9/9
  3660 | D:5      | Found Yplaet's Distillery.
  3692 | D:5      | Bought a potion of curing for 36 gold pieces
  3692 | D:5      | Bought a potion of heal wounds for 60 gold pieces
  3761 | D:5      | Identified the +9 hand axe of the Other Side {pain, rF+
                  | rN+}
  4019 | D:6      | Reached skill level 5 in Fighting
  4019 | D:6      | Reached skill level 7 in Long Blades
  4224 | D:6      | Found a sand-covered staircase.
  4232 | D:6      | Reached skill level 5 in Armour
  4267 | Ossuary  | Entered an ossuary
  4304 | Ossuary  | Reached *** piety under Trog
  4335 | Ossuary  | Reached skill level 5 in Dodging
  4543 | D:6      | Reached XP level 9. HP: 54/54 MP: 10/10
  4582 | D:6      | Reached skill level 8 in Long Blades
  4839 | D:6      | Reached **** piety under Trog
  4906 | D:6      | HP: 2/55 [poisoned by a killer bee]
  4907 | D:6      | Succumbed to a killer bee's poison

Illustrated notes

Levels and vault maps discovered:
D:1:      minmay_arrival_up_and_down, layout_basic, minmay_misc_feat_nine_boxes
D:2:      layout_basic, corexii_corridor_pit
D:3:      layout_basic, shapermc_ecumenical_altar_mp_highgroup, serial_shops,
          shop_fountains
D:4:      layout_basic, nicolae_shop_clearance
D:5:      layout_basic, serial_shops, shop_fountains, kennysheep_generic_room_3
D:6:      layout_loops_corners, enter_ossuary_4, minivault_14,
          grunt_ministairs_5, kennysheep_small_spiral

Skill      XL: |  1  2  3  4  5  6  7  8  9 |
---------------+----------------------------+-----
Long Blades    | 4 5 6 7 8 |  8.4
Dodging        | 3 4 5 |  5.7
Armour         | 3 4 5 |  5.8
Shields        | 1 2 3 4 |  4.2
Fighting       | 4 5 |  5.7

Action                   |  1- 3 |  4- 6 |  7- 9 || total
-------------------------+-------+-------+-------++-------
Melee: Falchion          |    64 |    73 |   265 ||   402
       Kick              |    12 |    25 |    80 ||   117
       Peck              |     4 |    12 |    42 ||    58
       Punch             |     1 |       |       ||     1
Invok: Berserk           |       |     4 |     7 ||    11
  Use: Scroll            |       |    10 |     7 ||    17
 Stab: Sleeping          |     3 |       |     4 ||     7
Armor: Animal skin       |     3 |       |       ||     3
       Leather armour    |     4 |    10 |    42 ||    56
Dodge: Dodged            |    41 |    42 |   194 ||   277
Block: Buckler           |       |    10 |    65 ||    75

Table legend: (Time is in decaauts)
 A = Elapsed time spent in this place.
 B = Non-inter-level travel time spent in this place.
 C = Inter-level travel time spent in this place.
 D = Time resting spent in this place.
 E = Time spent auto-exploring this place.
 F = Levels seen in this place.
 G = Mean time per level.
                   A        B        C        D        E       F      G
               +--------+--------+--------+--------+--------+-----+--------+
         Total |   4819 |   4627 |    192 |    359 |   3409 |   7 |  688.4 |
       Dungeon |   4596 |   4404 |    192 |    359 |   3299 |   6 |  766.0 |
       Ossuary |    223 |    223 |      0 |      0 |    110 |   1 |  223.0 |
               +--------+--------+--------+--------+--------+-----+--------+

Top non-repeatable levels by time:
     D:2: 1200 daAuts
     D:3: 995 daAuts
     D:5: 759 daAuts
     D:6: 645 daAuts
     D:4: 534 daAuts
     D:1: 461 daAuts
 Ossuary: 223 daAuts
